 Dungeon Crawl Stone Soup version 0.25.1-9-gc5326a611f (webtiles) character file.

Game seed: 11092700653785421369

1619 Eitelfritz the Carver (level 8, -6/69 HPs)
             Began as a Hill Orc Gladiator on Dec 29, 2020.
             Was a Believer of Uskayaw.
             Mangled by an orc warrior
             ... wielding a +0 short sword
              (11 damage)
             ... on level 5 of the Dungeon.
             The game lasted 00:16:33 (7051 turns).

Eitelfritz the Carver (Hill Orc Gladiator)          Turns: 7051, Time: 00:16:34

Health: -6/69      AC:  9    Str: 18    XL:     8   Next: 96%
Magic:  11/11      EV: 12    Int:  9    God:    Uskayaw [**....]
Gold:   229        SH:  0    Dex: 12    Spells: 7/7 levels left

rFire    . . .     SeeInvis .   a - +1 long sword
rCold    . . .     Gourm    .   (no shield)
rNeg     . . .     Faith    .   l - +0 ring mail
rPois    .         Spirit   .   c - +1 helmet
rElec    .         Reflect  .   m - +0 cloak
rCorr    .         Harm     .   (no gloves)
MR       .....                  (no boots)
Stlth    +.........             (no amulet)
HPRegen  0.21/turn              (no ring)
MPRegen  0.12/turn              (no ring)

@: no status effects
A: no striking features
a: Stomp, Line Pass, Renounce Religion


You were on level 5 of the Dungeon.
You worshipped Uskayaw.
Uskayaw was noncommittal.
You were not hungry.

You visited 2 branches of the dungeon, and saw 7 of its levels.

You collected 229 gold pieces.

Inventory:

Hand Weapons
 a - a +1 long sword (weapon)
 i - a +0 spear
Missiles
 d - 4 throwing nets
 h - 41 poisoned darts (quivered)
 k - 10 boomerangs
Armour
 c - a +1 helmet (worn)
 l - a +0 ring mail (worn)
 m - a +0 cloak (worn)
 y - a +0 plate armour
 C - a +0 chain mail
Jewellery
 g - an uncursed ring of wizardry
 x - an uncursed amulet of magic regeneration
 A - an uncursed amulet of faith {unknown}
Wands
 t - a wand of disintegration (11)
Scrolls
 e - a scroll of enchant weapon
 p - a scroll of teleportation
 q - 3 scrolls of identify
 u - a scroll of amnesia {unknown}
 v - 3 scrolls of enchant armour
 w - a scroll of blinking
Potions
 b - a potion of berserk rage
 j - 3 potions of mutation
 n - a potion of might
 o - a potion of curing
 r - a potion of brilliance {unknown}
 s - a potion of magic {unknown}
 z - a potion of cancellation {unknown}
Comestibles
 f - 7 rations
 B - 8 chunks of flesh


   Skills:
 + Level 5.4 Fighting
 + Level 8.3 Long Blades
 + Level 2.0 Throwing
 + Level 5.2 Armour
 + Level 3.8 Dodging
 + Level 2.0 Stealth
 * Level 4.0 Invocations


You had 7 spell levels left.
You didn't know any spells.
Your spell library was empty.

Dungeon Overview and Level Annotations

Branches:
Dungeon (6/15)             Temple (1/1) D:5

Altars:
Ashenzari
Cheibriados
Dithmenos
Elyvilon
Fedhas
Gozag
Hepliaklqana
Makhleb
Nemelex Xobeh
Okawaru
Qazlal
Sif Muna
Uskayaw
Vehumet
Wu Jian
Xom
Zin

Shops:
D:4 !   D:5 %

Annotations:
D:4 3 runed translucent doors, Clowwww's ghost, novice HOFi


Message History

The orc warrior is severely wounded.
The orc warrior hits you with a +0 short sword!
* * * LOW HITPOINT WARNING * * *
You hit the orc warrior.
The orc warrior is severely wounded.
The orc warrior misses you.
You hit the orc warrior.
The orc warrior is severely wounded.
The orc warrior hits you but does no damage.
You hit the orc warrior.
The orc warrior is almost dead.
The orc warrior hits you with a +0 short sword.
* * * LOW HITPOINT WARNING * * *
You barely miss the orc warrior.
The orc warrior is almost dead.
The orc warrior closely misses you.
You barely miss the orc warrior.
The orc warrior is almost dead.
The orc warrior hits you with a +0 short sword!
You die...

.....#......#...#....#..#.....#
.....##...(##...#....#..##...####
......#....##'###....#..##...##..
......#..(.'....'....#.......#...
......#....#....#....#.....(.#...
......#....#....#....#.......#...
).....#...###.###....#####..#####
....###...###.#####......#..#
....#...........@.#......#..#####
....#..........[.o#..............
....#.............#.......#.....#
....#.............#......##.....#
....#.............#.....##..#.#..
....#..##.##..##..#....##..##.##.
....#..##.######..#.......##...##
....#.......[.....#..........>...
....'.............#.......##...##


You could see an orc warrior.

Vanquished Creatures
  Prince Ribbit (D:5)
  Eustachio (D:5)
  Menkaure (D:4)
  Duvessa (D:5)
  A water moccasin (D:5)
  An ice beast (D:5)
  Blork the orc (D:4)
  A bullfrog (D:5)
  Dowan (D:5)
  2 jellies (D:5)
  A howler monkey (D:4)
  A centaur skeleton (D:4)
  3 hounds
  An iguana (D:4)
  Natasha (twice) (D:3)
  A worker ant (D:5)
  A killer bee zombie (D:5)
  Robin (D:4)
  11 adders
  5 gnolls
  A shadow imp (D:5)
  3 oozes
  4 dart slugs
  6 leopard geckos
  9 orcs
  3 ball pythons
  5 giant cockroaches
  16 goblins
  8 hobgoblins
  18 jackals
  3 quokkas (D:2)
  6 bats
  6 frilled lizards
  9 kobolds
  A leopard gecko skeleton (D:4)
  A quokka zombie (D:5)
  13 rats
150 creatures vanquished.

Notes
Turn   | Place    | Note
-------+----------+-------------------------------------------
     0 | D:1      | Eitelfritz the Hill Orc Gladiator began the quest for the
                  | Orb.
     0 | D:1      | Reached XP level 1. HP: 18/18 MP: 1/1
   158 | D:1      | Reached XP level 2. HP: 20/25 MP: 2/2
   352 | D:1      | Reached XP level 3. HP: 30/30 MP: 3/3
   433 | D:1      | Reached skill level 4 in Long Blades
  1337 | D:1      | Reached XP level 4. HP: 28/37 MP: 4/4
  1781 | D:2      | Reached skill level 1 in Armour
  1781 | D:2      | Reached XP level 5. HP: 14/45 MP: 5/5
  2136 | D:2      | Found an ornate altar of the Wu Jian Council.
  2555 | D:3      | Found a shimmering altar of Xom.
  2556 | D:3      | Found a glowing silver altar of Zin.
  2556 | D:3      | Noticed an angel
  2633 | D:3      | Reached skill level 5 in Long Blades
  2710 | D:3      | Found an iron altar of Okawaru.
  2742 | D:3      | Noticed Natasha
  2749 | D:3      | Killed Natasha
  2887 | D:3      | Noticed Natasha
  2892 | D:3      | Killed Natasha
  2892 | D:3      | Reached XP level 6. HP: 51/51 MP: 6/6
  2974 | D:3      | Found a white marble altar of Elyvilon.
  3210 | D:4      | Noticed Blork the orc
  3229 | D:4      | Killed Blork the orc
  3605 | D:4      | Reached skill level 6 in Long Blades
  3610 | D:4      | Noticed Robin
  3634 | D:4      | Killed Robin
  3949 | D:4      | Found a shattered altar of Ashenzari.
  4098 | D:4      | Reached XP level 7. HP: 51/59 MP: 7/7
  4294 | D:4      | Found a runed translucent gate.
  4294 | D:4      | Found a runed translucent gate.
  4294 | D:4      | Found a runed translucent gate.
  4294 | D:4      | Noticed Clowwww's ghost (novice HOFi)
  4499 | D:4      | Noticed Menkaure
  4509 | D:4      | Killed Menkaure
  4509 | D:4      | Reached skill level 1 in Stealth
  4726 | D:4      | Found Mote's Distillery.
  4944 | D:5      | Entered Level 5 of the Dungeon
  4973 | D:5      | Found a staircase to the Ecumenical Temple.
  4999 | Temple   | Entered the Ecumenical Temple
  5224 | Temple   | Became a worshipper of Uskayaw the Reveler
  5292 | D:5      | Reached * piety under Uskayaw
  5406 | D:5      | Reached ** piety under Uskayaw
  5411 | D:5      | Reached skill level 7 in Long Blades
  5411 | D:5      | Reached skill level 1 in Invocations
  5874 | D:5      | Noticed Dowan
  5874 | D:5      | Noticed Duvessa
  5888 | D:5      | Reached XP level 8. HP: 63/67 MP: 9/9
  5890 | D:5      | Reached *** piety under Uskayaw
  5895 | D:5      | Reached **** piety under Uskayaw
  5897 | D:5      | Killed Duvessa
  5901 | D:5      | Killed Dowan
  5901 | D:5      | Reached ***** piety under Uskayaw
  5966 | D:5      | Noticed Eustachio
  5994 | D:5      | Killed Eustachio
  6173 | D:5      | Found Oxixzein's Food Emporium.
  6383 | D:5      | Noticed Prince Ribbit
  6385 | D:5      | Reached skill level 5 in Fighting
  6410 | D:5      | Killed Prince Ribbit
  6410 | D:5      | Reached skill level 8 in Long Blades
  6747 | D:5      | Reached skill level 5 in Armour
  7051 | D:5      | Mangled by an orc warrior

Illustrated notes

Levels and vault maps discovered:
D:1:      dpeg_arrival_connections, layout_basic, minivault_23,
          minmay_indecisive_spiral
D:2:      layout_rooms, nicolae_overflow_hidden_temple, minmay_heptomino_w4
D:3:      layout_loops_ring, grunt_temple_overflow_order_and_chaos_1,
          lemuel_doored_altar, first_ration, okawaru_ov_weapons_minmay,
          uniq_natasha
D:4:      layout_basic, serial_shops, shop, gammafunk_ghost_necromancy,
          kennysheep_doodads, cheibrodos_ashenzari_chains, uniq_blork_the_orc,
          uniq_robin, uniq_menkaure
D:5:      layout_gridville, minmay_temple_entry_waves, serial_shops,
          kennysheep_mini_moat, chequers_garden, solitary_fountain,
          cheibrodos_gnoll_hut, uniq_prince_ribbit1, uniq_eustachio,
          uniq_duvessa
D:6:      layout_loops_corners, kennysheep_little_box, serial_shops, shop,
          uniq_maggie, uniq_edmund
Temple:   minmay_temple_bridge_abc

Skill      XL: |  1  2  3  4  5  6  7  8 |
---------------+-------------------------+-----
Throwing       | 2 |  2.0
Long Blades    | 4 5 6 7 8 |  8.3
Fighting       | 3 4 5 |  5.4
Armour         | 1 2 3 5 |  5.2
Dodging        | 3 |  3.8
Stealth        | 1 2 |  2.0
Invocations    | 1 4 |  4.0

Action                   |  1- 3 |  4- 6 |  7- 9 || total
-------------------------+-------+-------+-------++-------
Melee: Long sword        |   107 |   223 |   166 ||   496
Throw: Dart              |       |       |     2 ||     2
  Use: Scroll            |       |     9 |       ||     9
       Potion            |       |     1 |     1 ||     2
 Stab: Paralysed         |       |       |     4 ||     4
  Eat: Chunk             |     1 |    10 |       ||    11
       Ration            |       |       |     3 ||     3
Armor: Leather armour    |    29 |       |       ||    29
       Ring mail         |    14 |   108 |    59 ||   181
Dodge: Dodged            |    91 |   186 |   109 ||   386
       Rpst.: Long sword |    31 |    57 |    29 ||   117
